 Seeded DCSS version 0.30.0-13-g156ef70053 (webtiles) character file.

Game seed: 5 (custom seed)

125 Kazon the Shield-Bearer (level 5, -2/28 HPs)
             Began as a Vine Stalker Fighter on May 17, 2023.
             Was an Initiate of Makhleb.
             Succumbed to a scorpion's poison
             ... on level 4 of the Dungeon.
             The game lasted 00:07:50 (2229 turns).

Kazon the Shield-Bearer (Vine Stalker Fighter)      Turns: 2229, Time: 00:07:51

Health: -2/28      AC:  7    Str: 18    XL:     5   Next: 9%
Magic:  11/15      EV:  6    Int: 10    God:    Makhleb [......]
Gold:   163        SH: 13    Dex: 14    Spells: 4/4 levels left

rFire   . . .        t - +2 dagger (vamp)
rCold   . . .        h - +0 tower shield
rNeg    . . .        b - +0 scale mail
rPois   .            j - +0 helmet
rElec   .            (no cloak)
rCorr   .            (no gloves)
SInv    .            (no boots)
Will    .....        (no amulet) Stlth
                     s - ring of magical power
HPRegen 1.04/turn    (no ring)
MPRegen 0.14/turn

%: guardian spirit
@: lethally poisoned (-2 -> -10)
A: fangs 2, regeneration 1, magic shield, antimagic bite, no potion heal 2
a: Renounce Religion


You were on level 4 of the Dungeon.
You worshipped Makhleb.
Makhleb was noncommittal.
You visited 2 branches of the dungeon, and saw 5 of its levels.

You collected 163 gold pieces.

Inventory:

Hand Weapons
 a - a +0 war axe
 t - a +2 vampiric dagger (weapon)
Missiles
 k - 2 boomerangs
 m - 14 stones (quivered)
 r - 5 poisoned darts
Armour
 b - a +0 scale mail (worn)
 c - a +0 buckler
 h - a +0 tower shield (worn)
 j - a +0 helmet (worn)
Jewellery
 s - a ring of magical power (left hand)
Scrolls
 e - a scroll of acquirement
 l - a scroll of fog {unknown}
 n - 2 scrolls of identify {unknown}
 o - a scroll of summoning {unknown}
 p - a scroll of teleportation {unknown}
 q - a scroll of blinking {unknown}
 x - a scroll of torment {unknown}
Potions
 d - a potion of might
 f - a potion of magic {unknown}
 g - a potion of resistance {unknown}
 i - 3 potions of curing {unknown}
 u - a potion of flight {unknown}
 v - a potion of berserk rage {unknown}
 w - a potion of invisibility {unknown}


   Skills:
 + Level 3.1 Fighting
 + Level 3.0 Axes
 + Level 0.1 Throwing
 + Level 3.0 Armour
 + Level 0.3 Dodging
 + Level 3.5 Shields


You had 4 spell levels left.
You didn't know any spells.
Your spell library contained the following spells:

 Spells                   Type           Power      Damage    Failure   Level
 Frozen Ramparts          Ice            0%         1d1       100%        3
 Ice Form                 Ice/Tmut       0%         N/A       100%        4
 Summon Ice Beast         Ice/Summ       0%         N/A       100%        4


Dungeon Overview and Level Annotations

Branches:
Dungeon (4/15)             Temple (1/1) D:4

Altars:
Fedhas
Gozag
Makhleb
Okawaru
Qazlal
Ru
Wu Jian
The Shining One


Innate Abilities, Weirdness & Mutations

You have extremely sharp teeth.
Your natural rate of healing is unusually fast.
When hurt, damage is shared between your health and your magic reserves.
Your bite disrupts and absorbs the magic of your enemies.
Potions cannot restore your health.


Message History

The scorpion poisons you!
You hit the scorpion.
You feel better.
You bite the scorpion, but do no damage.
The scorpion is heavily wounded.
You feel very sick. You block the scorpion's attack.
The scorpion barely misses you.
You hit the scorpion.
You feel better.
Your bite misses the scorpion.
The scorpion is heavily wounded.
You feel very sick. You block the scorpion's attack.
You hit the scorpion.
You feel better.
You bite the scorpion. You drain its power.
You feel invigorated.
The scorpion is severely wounded.
You feel sick. You block the scorpion's attack. The scorpion stings you.
You are more poisoned.
The scorpion poisons you!
You completely miss the scorpion.
The scorpion is severely wounded.
You feel very sick. The scorpion stings you.
You are lethally poisoned!
The scorpion poisons you! You block the scorpion's attack.
You hit the scorpion but do no damage.
The scorpion is severely wounded.
* * * LOW HITPOINT WARNING * * *
You feel very sick.
The scorpion stings you but does no damage.
You barely miss the scorpion.
You bite the scorpion, but do no damage.
The scorpion is severely wounded.
* * * LOW HITPOINT WARNING * * *
You feel very sick. The scorpion stings you.
You are more poisoned.
The scorpion poisons you!
The scorpion stings you but does no damage.
You closely miss the scorpion.
You bite the scorpion, but do no damage.
The scorpion is severely wounded.
You die...

#.# #...# #.# ...
#.##.#... .........
#.##.##.# ##
#####.##.##.# ...
...#.##.##s#
#.####.#.##.##@#
##..............###.##.#
........................
..)##.#.#.#.............
........................
##.##.#.#...............
# #.#.###.###.######.# #
#..##.# #.# #
#.##.##.###.#


You could see a scorpion.

Vanquished Creatures
  4 adders
  3 worms
  2 orcs (D:3)
  4 bats
  9 endoplasms
  A giant cockroach (D:1)
  12 goblins
  7 hobgoblins
  11 jackals
  3 kobolds
  5 ball pythons
  3 frilled lizards
  4 rats
68 creatures vanquished.

Notes
Turn   | Place    | Note
-------+----------+-------------------------------------------
     0 | D:1      | Kazon the Vine Stalker Fighter began the quest for the Orb.
     0 | D:1      | Reached XP level 1. HP: 11/11 MP: 2/2
    40 | D:1      | Identified a scroll of acquirement
    53 | D:1      | Reached XP level 2. HP: 11/16 MP: 1/3
   272 | D:1      | Reached XP level 3. HP: 11/19 MP: 1/4
  1050 | D:2      | Gained mutation: Your natural rate of healing is unusually
                  | fast. [Vine Stalker growth]
  1050 | D:2      | Reached XP level 4. HP: 24/24 MP: 5/5
  1641 | D:3      | Found a blossoming altar of Fedhas.
  1662 | D:3      | Reached XP level 5. HP: 28/28 MP: 6/6
  1810 | D:3      | Found a stormy altar of Qazlal.
  1908 | D:3      | Found a faded altar of an unknown god.
  1928 | D:3      | Identified the +2 sling "Qeuhanocyt" {speed, rElec Str-3
                  | Dex+2}
  2137 | D:4      | Found a staircase to the Ecumenical Temple.
  2145 | Temple   | Entered the Ecumenical Temple
  2163 | Temple   | Became a worshipper of Makhleb the Destroyer
  2229 | D:4      | Succumbed to a scorpion's poison

Illustrated notes

Levels and vault maps discovered:
D:1:      ebering_trefoil_3fold, layout_basic, st_stairs_14, serial_bayou_ford_a
D:2:      layout_basic, hangedman_decor_growths, minmay_close_crescents
D:3:      layout_rooms, mainiacjoe_overflow_concentric_impassable,
          mainiacjoe_overflow_paths, shapermc_ecumenical_altar_acropolis,
          chequers_serial_rivers_micro_b
D:4:      layout_basic, riverfiend_overflow_shadow_ancestor,
          minmay_temple_entry_glass, uniq_sigmund
Temple:   nicolae_temple_elliptical

Skill      XL: |  1  2  3  4  5 |
---------------+----------------+-----
Shields        | 3 |  3.5
Axes           | 2 3 |  3.0
Fighting       | 3 |  3.1
Armour         | 3 |  3.0
Throwing       | |  0.1
Dodging        | |  0.3

Action                     |  1- 3 |  4- 6 || total
---------------------------+-------+-------++-------
  Melee: War axe           |    83 |    52 ||   135
         Bite              |    17 |    18 ||    35
         Dagger            |       |    32 ||    32
  Throw: Boomerang         |     4 |       ||     4
    Use: Scroll            |     1 |     1 ||     2
 Armour: Scale mail        |    55 |    28 ||    83
  Dodge: Dodged            |    34 |    13 ||    47
  Block: Buckler           |     8 |       ||     8
         Tower shield      |    63 |    68 ||   131
